 Dungeon Crawl Stone Soup version 0.17.1-2-g5865329 (webtiles) character file.

3983 bezdread the Cleaver (level 10, -3/90 HPs)
             Began as a Hill Orc Fighter on Jan 20, 2016.
             Was an Initiate of Okawaru.
             Slain by an orc warrior
             ... wielding a +0 halberd
              (10 damage)
             ... on level 8 of the Dungeon.
             The game lasted 00:41:09 (8084 turns).

bezdread the Cleaver (Hill Orc Fighter)             Turns: 8084, Time: 00:41:09

Health: -3/90      AC: 15    Str: 22    XL:     10   Next: 22%
Magic:  19/19      EV:  1    Int:  8    God:    Okawaru [......]
Gold:   441        SH: 13    Dex: 11    Spells: 0 memorised, 9 levels left

rFire  . . .     SeeInvis .     E - +0 broad axe
rCold  . . .     Clarity  +     y - +0 plate armour
rNeg   . . .     SustAt   .     v - +2 shield
rPois  .         Gourm    .     I - +0 helmet
rElec  .         Spirit   .     (no cloak)
rCorr  .         Warding  .     (no gloves)
rMut   .         Stasis   .     (no boots)
MR     .....                    t - amulet of clarity
Stlth  ..........               D - ring of magical power
                                (no ring)

@: not resistant to hostile enchantments, extremely unstealthy
A: no striking features
a: Renounce Religion, Convert to Beogh


You were on level 8 of the Dungeon.
You worshipped Okawaru.
Okawaru was noncommittal.
You were hungry.

You visited 2 branches of the dungeon, and saw 9 of its levels.
You also visited: Ossuary.

You collected 441 gold pieces.

Inventory:

Hand Weapons
 E - a +0 broad axe (weapon)
Armour
 b - a +0 scale mail
 c - a +0 shield
 v - a +2 shield (worn)
 y - a +0 plate armour (worn)
 I - a +0 helmet (worn)
Jewellery
 l - an uncursed ring of teleportation
 t - an amulet of clarity (around neck)
 D - a ring of magical power (right hand)
Wands
 x - a wand of fireball (10)
 L - a wand of lightning (7)
Scrolls
 f - 2 scrolls of teleportation {unknown}
 h - a scroll of noise {unknown}
 i - 2 scrolls of blinking {unknown}
 j - 6 scrolls of remove curse
 k - 6 scrolls of identify
 m - 4 scrolls of fear
 r - 2 scrolls of random uselessness {unknown}
 u - 2 scrolls of enchant weapon {unknown}
 B - 2 scrolls of amnesia {unknown}
 C - 5 scrolls of fog {unknown}
 F - 3 scrolls of enchant armour {unknown}
 M - a scroll of vulnerability {unknown}
 R - a scroll of immolation {unknown}
Potions
 a - 3 potions of ambrosia {unknown}
 d - 4 potions of might
 n - a potion of lignification {unknown}
 o - 2 potions of heal wounds
 p - a potion of poison {unknown}
 q - a potion of beneficial mutation {unknown}
 s - a potion of resistance {unknown}
 w - a potion of cancellation {unknown}
 A - a potion of mutation {unknown}
 G - 3 potions of curing {unknown}
 J - 2 potions of magic {unknown}
 K - a potion of agility
Books
 N - a book of Party Tricks

   Spells                             Type                      Level
   a - Summon Butterflies             Summoning                    1
   b - Apportation                    Translocation                1
   c - Tukima's Dance                 Hexes                        3
   d - Alistair's Intoxication        Transmutation/Poison         4
   e - Invisibility                   Hexes                        6
Miscellaneous
 g - a plain deck of defence
Comestibles
 e - 4 bread rations
 z - 7 fruits
 H - a slice of pizza
 P - a meat ration
 Q - a royal jelly


   Skills:
 + Level 8.5 Fighting
 + Level 9.6 Axes
 + Level 8.3 Armour
 + Level 3.1 Dodging
 + Level 1.0 Stealth
 + Level 8.6 Shields


You had 9 spell levels left.
You didn't know any spells.

Dungeon Overview and Level Annotations

Branches:
Dungeon (8/15)             Temple (1/1) D:6
   Lair: D:8-11

Altars:
Ashenzari
Cheibriados
Dithmenos
Elyvilon
Fedhas
Gozag
Kikubaaqudgha
Makhleb
Nemelex Xobeh
Okawaru
Qazlal
Ru
Sif Muna
Trog
Vehumet
Xom
Yredelemnul
Zin
The Shining One

Shops:
D:6 :


Message History

You closely miss the centaur. You hit the orc but do no damage.
Your plate armour prevents you from hitting the orc priest.
The orc priest is heavily wounded.
Your plate armour prevents you from hitting the orc.
You closely miss the orc priest. You slash the jackal!
You kill the jackal!
Okawaru accepts your kill. You block the centaur's attack.
The orc barely misses you. The orc hits you but does no damage.
The centaur hits you but does no damage.
The orc warrior hits you from afar with a halberd!
* * * LOW HITPOINT WARNING * * *
The orc priest completely misses you. The orc priest closely misses you.
The two-headed ogre hits you with a giant spiked club!!
* * * LOW HITPOINT WARNING * * *
You block the two-headed ogre's attack. The orc hits you but does no damage.
You block the centaur's attack. The orc hits you but does no damage.
You block the orc's attack.
The orc warrior hits you from afar with a halberd!
You die...

#.........
#.........
##.........
..........
#.........
#.........
#.oo......
#O@oo.....
......ooc......
....#..ah......
### #..........
#..........
#..........
...........
.##.........


You could see a two-headed ogre, an orc warrior, a centaur, a worker ant, 2 orc
priests, 3 orcs and a jackal.

Vanquished Creatures
  The ghost of chimenez the Tainter, a novice NaVM of Cheibriados (D:6)
  Prince Ribbit (D:6)
  Sigmund (D:3)
  Eustachio (D:6)
  A yak (D:5)
  The ghost of Starbucks the Skirmisher, an amateur DsFi of Kikubaaqudgha (D:4)
  Menkaure (D:4)
  Edmund (D:4)
  Duvessa (D:6)
  A necrophage (D:7)
  A sky beast (D:6)
  4 ogres
  An ice beast (D:5)
  A phantom (D:5)
  A centaur (D:5)
  An elf zombie (Ossuary)
  2 giant frogs (D:6)
  Dowan (D:6)
  The ghost of DarthKuruptios the Pure, a weakling DsAK of Lugonu (D:3)
  4 wights (D:7)
  A crimson imp (D:7)
  2 giant frog zombies
  5 orc priests
  A centaur zombie (D:7)
  3 giant frog skeletons
  A quasit (D:6)
  Ijyb (D:2)
  3 orc wizards
  3 iguanas
  6 worker ants
  Terence (D:2)
  A hound (D:7)
  Natasha (thrice) (D:3)
  A centaur skeleton (D:5)
  2 big kobold zombies (Ossuary)
  2 hound zombies
  5 mummies
  Robin (D:4)
  5 adders
  6 gnolls
  2 oozes
  2 adder zombies
  3 worms
  4 giant geckos
  21 orcs
  A ball python (D:1)
  2 giant cockroaches (D:2)
  12 hobgoblins
  6 jackals
  6 quokkas
  7 bats
  A giant gecko skeleton (D:5)
  A giant gecko zombie (D:5)
  5 giant newts
  12 goblins
  A goblin zombie (Ossuary)
  2 hobgoblin zombies (D:7)
  2 jackal zombies (Ossuary)
  3 kobolds
  2 kobold zombies (Ossuary)
  A quokka skeleton (D:6)
  A quokka zombie (D:5)
  6 rats
  2 rat zombies (Ossuary)
185 creatures vanquished.

Vanquished Creatures (others)
  An orc warrior (D:6)
1 creature vanquished.

Grand Total: 186 creatures vanquished

Notes
Turn   | Place    | Note
--------------------------------------------------------------
     0 | D:1      | bezdread the Hill Orc Fighter began the quest for the Orb.
     0 | D:1      | Reached XP level 1. HP: 19/19 MP: 1/1
   253 | D:1      | Reached XP level 2. HP: 27/27 MP: 2/2
   529 | D:1      | Reached skill level 4 in Fighting
   620 | D:2      | Reached XP level 3. HP: 23/33 MP: 3/3
   690 | D:2      | Reached skill level 1 in Dodging
   828 | D:2      | Noticed Terence
   839 | D:2      | Killed Terence
   839 | D:2      | Reached XP level 4. HP: 38/40 MP: 4/4
   884 | D:2      | Noticed Ijyb
   890 | D:2      | Killed Ijyb
   982 | D:2      | Reached XP level 5. HP: 46/46 MP: 5/5
  1075 | D:3      | Noticed Natasha
  1075 | D:3      | Noticed DarthKuruptios's ghost (weakling DsAK)
  1078 | D:3      | Killed Natasha
  1235 | D:3      | Noticed Natasha
  1250 | D:3      | Killed Natasha
  1270 | D:3      | Found a faded altar to an unknown god.
  1705 | D:3      | Noticed Natasha
  1711 | D:3      | Killed Natasha
  1742 | D:3      | Noticed Sigmund
  1761 | D:3      | Killed Sigmund
  1761 | D:3      | Reached XP level 6. HP: 28/53 MP: 6/6
  1841 | D:3      | Found a shadowy altar of Dithmenos.
  2340 | D:3      | Killed DarthKuruptios's ghost
  2340 | D:3      | Reached skill level 5 in Shields
  2403 | D:4      | Reached XP level 7. HP: 60/60 MP: 7/7
  2404 | D:4      | Noticed Starbucks's ghost (amateur DsFi)
  2439 | D:4      | Noticed Robin
  2447 | D:4      | Killed Robin
  2467 | D:4      | Noticed Menkaure
  2469 | D:4      | Noticed Edmund
  2475 | D:4      | Killed Menkaure
  2475 | D:4      | Reached skill level 5 in Fighting
  2475 | D:4      | Reached skill level 5 in Armour
  2478 | D:4      | Found an opulent altar of Gozag.
  2774 | D:4      | Reached skill level 5 in Axes
  2985 | D:4      | Killed Edmund
  2985 | D:4      | Reached XP level 8. HP: 40/69 MP: 8/8
  3197 | D:4      | Reached skill level 6 in Axes
  3458 | D:4      | Found a glowing golden altar of the Shining One.
  3977 | D:4      | Killed Starbucks's ghost
  4026 | D:5      | Entered Level 5 of the Dungeon
  4251 | D:5      | Reached skill level 7 in Axes
  4316 | D:5      | Reached XP level 9. HP: 64/75 MP: 9/9
  4913 | D:6      | Noticed chimenez's ghost (novice NaVM)
  5596 | D:6      | Found a staircase to the Ecumenical Temple.
  5612 | D:6      | Found a sparkling altar of Nemelex Xobeh.
  5617 | Temple   | Entered the Ecumenical Temple
  5754 | D:5      | HP: 3/78 [poisoned by chimenez's ghost (sting)]
  5761 | D:5      | HP: 3/78 [poisoned by chimenez's ghost (sting)]
  5769 | D:5      | HP: 3/78 [poisoned by chimenez's ghost (sting)]
  6134 | D:6      | Killed chimenez's ghost
  6134 | D:6      | Reached skill level 8 in Axes
  6212 | D:6      | Noticed Prince Ribbit
  6263 | D:6      | Killed Prince Ribbit
  6557 | D:6      | Found Lumuywec's Book Shoppe.
  6667 | D:6      | Noticed Eustachio
  6689 | D:6      | Killed Eustachio
  6723 | D:6      | Noticed Duvessa
  6723 | D:6      | Noticed Dowan
  6731 | D:6      | Killed Dowan
  6744 | D:6      | Killed Duvessa
  6959 | D:6      | Found a bloodstained altar of Trog.
  6972 | D:6      | Found a shimmering altar of Xom.
  6975 | D:6      | Found a deep blue altar of Sif Muna.
  7161 | D:7      | Reached skill level 1 in Stealth
  7163 | D:7      | Reached skill level 9 in Axes
  7168 | D:7      | Reached XP level 10. HP: 68/88 MP: 10/10
  7211 | D:7      | Found a sand-covered staircase.
  7219 | Ossuary  | Entered an ossuary
  7766 | D:7      | Found an ancient bone altar of Kikubaaqudgha.
  7766 | D:7      | Found an iron altar of Okawaru.
  7771 | D:7      | Became a worshipper of Warmaster Okawaru
  8084 | D:8      | Slain by an orc warrior

Action                   |  1- 3 |  4- 6 |  7- 9 | 10-12 || total
-------------------------+-------+-------+-------+-------++-------
Melee: War axe           |   118 |   163 |   184 |       ||   465
       Broad axe         |       |       |   306 |   121 ||   427
  Use: Scroll            |       |       |     5 |       ||     5
       Potion            |       |       |     2 |       ||     2
  Eat: Chunk             |       |     5 |    11 |     2 ||    18
       Meat ration       |       |       |     1 |       ||     1
       Fruit             |       |       |     1 |       ||     1
